 Dungeon Crawl Stone Soup version 0.32-a0-128-g77eb882 (webtiles) character file.

Game seed: 15703889193993421029

674 danspanner the Covered (level 7, -2/44 HPs)
             Began as a Tengu Fighter on Feb 7, 2024.
             Slain by a hornet (9 damage)
             ... on level 4 of the Dungeon.
             The game lasted 00:09:58 (3692 turns).

danspanner the Covered (Tengu Fighter)              Turns: 3692, Time: 00:09:58

Health: -2/44      AC:  7    Str: 18    XL:     7   Next: 59%
Magic:  8/8        EV: 28    Int:  9    God:
Gold:   315        SH:  5    Dex: 13    Spells: 6/6 levels left

rFire   . . .        a - +0 trident
rCold   . . .        c - +0 buckler
rNeg    . . .        b - +0 scale mail
rPois   .            (helmet restricted)
rElec   .            (no cloak)
rCorr   .            (no gloves)
SInv    .            (boots unavailable)
Will    .....        (no amulet) Stlth
                     (no ring)
HPRegen 0.27/turn    (no ring)
MPRegen 0.11/turn

%: acrobat
@: lethally poisoned (-2 -> -6), acrobatic, flying, hasted, very quick
A: beak, talons 3, evasive flight, acrobatic
a: no special abilities


You were on level 4 of the Dungeon.
You visited 1 branch of the dungeon, and saw 4 of its levels.

You collected 315 gold pieces.

Inventory:

Hand Weapons
 a - a +0 trident (weapon)
Missiles
 m - 6 poisoned darts (quivered)
Armour
 b - a +0 scale mail (worn)
 c - a +0 buckler (worn)
Wands
 o - a wand of mindburst (16)
Scrolls
 g - a scroll of amnesia {unknown}
 i - a scroll of poison {unknown}
 j - a scroll of revelation {unknown}
 l - a scroll of fog {unknown}
 n - 2 scrolls of noise {unknown}
Potions
 d - a potion of might
 f - a potion of haste
 h - a potion of attraction {unknown}
 k - a potion of brilliance {unknown}


   Skills:
 + Level 4.9 Fighting
 + Level 4.8 Polearms
 + Level 5.5 Armour
 + Level 5.0 Shields


You had 6 spell levels left.
You didn't know any spells.
Your spell library contained the following spells:

 Spells                   Type           Power      Damage    Failure   Level
 Flame Wave               Conj/Fire      0%         2d4       100%        4
 Ignite Poison            Fire/Alch      0%         N/A       100%        4
 Iskenderun's Mystic Bla  Conj/Tloc      0%         2d3       100%        4
 Sculpt Simulacrum        Ice/Alch       0%         N/A       100%        6
 Ozocubu's Refrigeration  Ice            0%         4d7       100%        7
 Ignition                 Fire           0%         3d3       100%        8
 Polar Vortex             Ice            0%         N/A       100%        9


Dungeon Overview and Level Annotations

Branches:
Dungeon (4/15)
 Temple: D:4-7

Altars:
Nemelex Xobeh


Innate Abilities, Weirdness & Mutations

You have a beak for a mouth.
You have claws for feet.
Your magical flight helps you evade attacks. (EV +4)
You can magically evade attacks while moving or waiting.


Message History

The stream of webbing hits you but does no damage.
You are caught in a web!
The web tears apart.
You feel sick.
You hit the ribbon worm. You claw the ribbon worm.
You kill the ribbon worm!
You feel sick.
You are no longer poisoned.
There is an open door, spattered with blood here.
Things that are here:
a scorpion corpse; a howler monkey corpse
There is a broken door here.
You reach down and open the door.
The hornet buzzes angrily.
The hornet barely misses you.
A hornet is nearby!
You hit the hornet. You peck the hornet.
The hornet is lightly wounded.
The hornet stings you!
You are poisoned.
You feel yourself slow down. The hornet stings you!
You are more poisoned.
You feel as though you will be slow longer.
You closely miss the hornet. Your kick misses the hornet.
Your peck misses the hornet.
The hornet is lightly wounded.
You feel extremely sick. The hornet misses you. You block the hornet's attack.
Blink to where?
Press: ? - help, Dir - move target
As you read the scroll of blinking, it crumbles to dust.
You feel very sick.
* * * LOW HITPOINT WARNING * * *
You feel very sick.
You feel yourself speed up.
You feel yourself speed up.
You feel very sick. The hornet barely misses you.
You block the hornet's attack.
You feel sick.
You feel sick. The hornet attacks as it pursues you! The hornet stings you!
You die...

#.##..#####.# #....###........
#.##.######## #....'.'........
#.##.)......#######...###........
#.####......†.....##### #........
#.# #..##..#.....# ######### #.#
#..##..#..#..# #.# #......#.....#
..# #......#.....# ###
###########@## #..'§y.#..y.#
###..#.#.#....# ####.##
#...'....# ...#..#=#####....#
#.##..### ###### #.##..# #.##..#
#.....# ###


You could see a hornet.

Vanquished Creatures
  An ogre (D:3)
  2 scorpions (D:4)
  A howler monkey (D:4)
  A hound (D:4)
  A sleepcap (D:4)
  An iguana (D:4)
  Natasha (thrice) (D:2)
  An orc wizard (D:4)
  13 adders
  A ribbon worm (D:4)
  3 dart slugs
  11 orcs
  9 endoplasms
  4 giant cockroaches
  5 goblins
  5 hobgoblins
  20 jackals
  6 kobolds
  6 quokkas
  10 ball pythons
  5 bats
  3 frilled lizards
  5 rats
117 creatures vanquished.

Notes
Turn   | Place    | Note
-------+----------+-------------------------------------------
     0 | D:1      | danspanner the Tengu Fighter began the quest for the Orb.
     0 | D:1      | Reached XP level 1. HP: 14/14 MP: 2/2
    61 | D:1      | Reached XP level 2. HP: 19/19 MP: 3/3
   249 | D:1      | Reached XP level 3. HP: 19/23 MP: 4/4
   491 | D:1      | Got Sif Muna's Treatise on Red-Hot Concussion
   595 | D:1      | You fall into a shaft and drop 1 floor!
   759 | D:2      | Noticed Natasha
   772 | D:2      | Killed Natasha
   773 | D:2      | Reached XP level 4. HP: 16/28 MP: 5/5
   969 | D:2      | Noticed Natasha
   983 | D:2      | Killed Natasha
  1132 | D:2      | Found a sparkling altar of Nemelex Xobeh.
  1399 | D:2      | Reached XP level 5. HP: 33/33 MP: 6/6
  1406 | D:2      | Noticed Natasha
  1418 | D:2      | Killed Natasha
  1578 | D:3      | Noticed an ogre
  1586 | D:3      | Killed an ogre
  1587 | D:3      | Reached XP level 6. HP: 38/38 MP: 7/7
  2941 | D:4      | Reached skill level 5 in Armour
  2970 | D:4      | Gained mutation: Your magical flight helps you evade
                  | attacks. (EV +4) [Tengu growth]
  2970 | D:4      | Reached XP level 7. HP: 41/44 MP: 8/8
  3532 | D:4      | Noticed a hornet
  3611 | D:4      | Reached skill level 5 in Shields
  3692 | D:4      | Slain by a hornet

Illustrated notes

Levels and vault maps discovered:
D:1:      minmay_arrival_four_houses, layout_basic
D:2:      minmay_skewed_foursquare, layout_loops_ring, basic_altar,
          nicolae_concentric_dashed_squares_mild, kennysheep_generic_room_10,
          uniq_natasha
D:3:      layout_basic, serial_forest, infiniplex_forest_straight_2,
          infiniplex_forest_clump_curved, infiniplex_forest_lined_ring,
          infiniplex_forest_clump_large, infiniplex_forest_clump_diagonal,
          infiniplex_forest_lined_corner, infiniplex_forest_lined_room_
D:4:      minmay_clustersquares, layout_basic, roderic_roman_lattice

Skill      XL: |  1  2  3  4  5  6  7 |
---------------+----------------------+-----
Polearms       | 3 4 |  4.8
Armour         | 4 5 |  5.5
Fighting       | 4 |  4.9
Shields        | 4 5 |  5.0

Action                     |  1- 3 |  4- 6 |  7- 9 || total
---------------------------+-------+-------+-------++-------
  Melee: Trident           |    78 |   175 |    79 ||   332
         Kick              |    12 |    38 |    20 ||    70
         Peck              |     7 |    25 |    20 ||    52
    Use: Scroll            |     2 |     2 |     1 ||     5
         Potion            |       |       |     1 ||     1
 Armour: Scale mail        |    36 |   100 |    31 ||   167
  Dodge: Dodged            |    33 |    62 |    34 ||   129
  Block: Buckler           |    14 |    28 |    14 ||    56

Table legend: (Time is in decaauts)
 A = Elapsed time spent in this place.
 B = Non-inter-level travel time spent in this place.
 C = Inter-level travel time spent in this place.
 D = Time resting spent in this place.
 E = Time spent auto-exploring this place.
 F = Levels seen in this place.
 G = Mean time per level.
                   A        B        C        D        E       F      G
               +--------+--------+--------+--------+--------+-----+--------+
         Total |   3741 |   3673 |     68 |     20 |   2999 |   4 |  935.2 |
       Dungeon |   3741 |   3673 |     68 |     20 |   2999 |   4 |  935.2 |
               +--------+--------+--------+--------+--------+-----+--------+

Top non-repeatable levels by time:
     D:4: 1336 daAuts
     D:2: 965 daAuts
     D:3: 832 daAuts
     D:1: 607 daAuts
